 Dungeon Crawl Stone Soup version 0.30.1-3-gfc49f6343a (webtiles) character file.

Game seed: 17296884276813204401

157 booth the Firebug (level 5, -3/35 HPs)
             Began as a Demonspawn Fire Elementalist on July 23, 2023.
             Was an Initiate of Ashenzari.
             Succumbed to a water moccasin's poison
             ... on level 4 of the Dungeon.
             The game lasted 00:20:27 (3067 turns).

booth the Firebug (Demonspawn Fire Elementalist)    Turns: 3067, Time: 00:20:27

Health: -3/35      AC:  7    Str:  7    XL:     5   Next: 15%
Magic:  0/9        EV: 12    Int: 22    God:    Ashenzari [......]
Gold:   207        SH:  0    Dex: 13    Spells: 5/9 levels left

rFire   . . .        e - +0 dagger
rCold   . . .        (no shield)
rNeg    + . .        a - +1 robe
rPois   .            (no helmet)
rElec   .            n - +0 cloak
rCorr   .            (no gloves)
SInv    .            (no boots)
Will    .....        (no amulet)
Stlth   ++           c - ring of positive energy
HPRegen 0.25/turn    (no ring)
MPRegen 0.11/turn

%: clarity
@: lethally poisoned (-3 -> -25)
A: claws 1, thin metallic scales 2, clarity, clever 1
a: Renounce Religion, Curse Item


You were on level 4 of the Dungeon.
You worshipped Ashenzari.
Ashenzari was noncommittal.
You visited 1 branch of the dungeon, and saw 4 of its levels.

You collected 207 gold pieces.

Inventory:

Hand Weapons
 e - a +0 dagger (weapon)
Missiles
 h - 3 poisoned darts (quivered)
 l - 4 silver javelins
Armour
 a - a +1 robe (worn)
 n - a +0 cloak (worn)
Jewellery
 c - a ring of positive energy (left claw)
Wands
 q - a wand of paralysis (15)
Scrolls
 f - 3 scrolls of teleportation
 g - 4 scrolls of vulnerability
 i - a scroll of enchant weapon {unknown}
 j - a scroll of immolation
 r - a scroll of poison {unknown}
Potions
 b - 2 potions of magic
 d - 4 potions of heal wounds
 k - a potion of flight
 m - a potion of cancellation
 o - a potion of lignification
 p - a potion of brilliance


   Skills:
 + Level 2.6 Dodging
 + Level 2.8 Stealth
 + Level 2.8 Spellcasting
 + Level 2.4 Conjurations
 + Level 3.3 Fire Magic


You had 5 spell levels left.
You knew the following spells:

 Your Spells              Type           Power      Damage    Failure   Level
a - Foxfire               Conj/Fire      60%        2x1d7     3%          1
b - Scorch                Fire           34%        2d6       4%          2
c - Shock                 Conj/Air       32%        1d5       8%          1

Your spell library contained the following spells:

 Spells                   Type           Power      Damage    Failure   Level
 Inner Flame              Hex/Fire       10%        N/A       19%         3
 Volatile Blastmotes      Fire/Tloc      20%        2d11      19%         3
 Swiftness                Air            3%         N/A       36%         3
 Vhi's Electric Charge    Tloc/Air       6%         N/A       36%         3
 Flame Wave               Conj/Fire      15%        2d7       36%         4
 Airstrike                Air            1%         2d(1-17)  77%         4
 Arcjolt                  Conj/Air       4%         1d14      91%         5
 Plasma Beam              Fire/Air       5%         2x1d17    100%        6


Dungeon Overview and Level Annotations

Branches:
Dungeon (4/15)
 Temple: D:4-7

Altars:
Ashenzari
Nemelex Xobeh


Innate Abilities, Weirdness & Mutations

You have sharp fingernails.
You are mostly covered in thin metallic scales. (AC +3)
You possess an exceptional clarity of mind.
Your mind is acute. (Int +4, Str/Dex -1)


Message History

The water moccasin is heavily wounded.
The foxfire hits the water moccasin.
The water moccasin is burned terribly!
The water moccasin is severely wounded.
The foxfire hits the water moccasin.
The water moccasin is burned terribly!
The water moccasin is almost dead.
The water moccasin bites you.
You are poisoned.
The water moccasin poisons you!
Casting: Shock (safe; 8% risk of failure)
Confirm with . or Enter, or press ? or * to list all spells.
You don't have enough magic to cast this spell.
You barely miss the water moccasin.
The water moccasin is almost dead.
You feel very sick. The water moccasin bites you.
You are lethally poisoned!
The water moccasin poisons you!
The water moccasin bites you but does no damage.
You hit the water moccasin.
The water moccasin is almost dead.
You feel extremely sick.
The water moccasin is no longer more vulnerable to fire.
The water moccasin bites you but does no damage.
You closely miss the water moccasin.
The water moccasin is almost dead.
You feel very sick. The water moccasin bites you.
* * * LOW HITPOINT WARNING * * *
You are more poisoned.
The water moccasin poisons you! The water moccasin bites you.
* * * LOW HITPOINT WARNING * * *
You closely miss the water moccasin.
The water moccasin is almost dead.
* * * LOW HITPOINT WARNING * * *
You feel very sick.
The water moccasin bites you but does no damage.
Casting: Shock (safe; 8% risk of failure)
Confirm with . or Enter, or press ? or * to list all spells.
You conjure some foxfire!
You die...

.#.........##.......###
.#....[...............#####.#
.......####.................#
.......# #...........#######
.......# #...........# .......#
#...........# .......#
#...........#
.†.....####....v......#
.......'..'.....@.....#######..
.......####.....Sv....)........
........# #...........#######.#
........# #...........#
........# ######..#####
##.#'#..# #..# ........# #..#
##.#....# #..#
#.#....########..#


You could see a water moccasin (ally target).

Vanquished Creatures
  A scorpion (D:4)
  An iguana (D:4)
  2 adders (D:3)
  A worm (D:2)
  4 orcs
  4 bats
  5 endoplasms
  4 giant cockroaches
  6 goblins
  6 hobgoblins
  A quokka (D:4)
  A ball python (D:1)
  2 frilled lizards
  5 kobolds
  3 rats
46 creatures vanquished.

Vanquished Creatures (others)
  104 foxfires
104 creatures vanquished.

Grand Total: 150 creatures vanquished

Notes
Turn   | Place    | Note
-------+----------+-------------------------------------------
     0 | D:1      | booth the Demonspawn Fire Elementalist began the quest for
                  | the Orb.
     0 | D:1      | Reached XP level 1. HP: 13/13 MP: 3/3
   354 | D:1      | Gained mutation: You are partially covered in thin metallic
                  | scales. (AC +2) [demonic ancestry]
   354 | D:1      | Reached XP level 2. HP: 19/19 MP: 1/5
   357 | D:1      | Learned a level 2 spell: Scorch
   359 | D:1      | Learned a level 1 spell: Shock
  1146 | D:2      | Noticed a great orb of eyes
  1156 | D:2      | Found a faded altar of an unknown god.
  1164 | D:2      | Noticed a shining eye
  1175 | D:2      | Noticed a golden eye
  1181 | D:2      | Noticed an eye of devastation
  1377 | D:2      | Gained mutation: You are mostly covered in thin metallic
                  | scales. (AC +3) [demonic ancestry]
  1377 | D:2      | Reached XP level 3. HP: 24/24 MP: 1/6
  1484 | D:3      | Reached skill level 3 in Fire Magic
  1738 | D:3      | Found a broken altar of Ashenzari.
  1816 | D:3      | Became a worshipper of Ashenzari the Shackled
  1910 | D:3      | Found a sparkling altar of Nemelex Xobeh.
  2523 | D:3      | Gained mutation: You possess an exceptional clarity of
                  | mind. [potion of mutation]
  2523 | D:3      | Gained mutation: Your mind is acute. (Int +4, Str/Dex -1)
                  | [potion of mutation]
  2690 | D:4      | Reached XP level 4. HP: 30/30 MP: 1/7
  2750 | D:4      | Noticed a scorpion
  2770 | D:4      | Killed a scorpion
  2771 | D:4      | Gained mutation: You have sharp fingernails. [demonic
                  | ancestry]
  2771 | D:4      | Reached XP level 5. HP: 35/35 MP: 2/9
  3049 | D:4      | Noticed a water moccasin
  3066 | D:4      | HP: 1/35 [poisoned by a water moccasin]
  3067 | D:4      | Succumbed to a water moccasin's poison

Illustrated notes

Levels and vault maps discovered:
D:1:      lemuel_arrival_hallway, layout_loops_ring, minmay_pentomino_z4
D:2:      layout_rooms, hellmonk_ecumenical_altar_watching_god
D:3:      layout_loops_corners, nemelex_spade_bored_becter,
          nicolae_ashenzari_panopticon
D:4:      layout_basic, uniq_crazy_yiuf_cottage

Skill      XL: |  1  2  3 |
---------------+----------+-----
Stealth        | 2 |  2.8
Dodging        | 2 |  2.6
Fire Magic     | 3 |  3.3
Conjurations   | 2 |  2.4
Spellcasting   | |  2.8

Action                     |  1- 3 |  4- 6 || total
---------------------------+-------+-------++-------
  Melee: Dagger            |    33 |    21 ||    54
   Cast: Foxfire           |    50 |    14 ||    64
         Scorch            |     2 |     2 ||     4
         Shock             |     1 |     3 ||     4
    Use: Scroll            |    11 |       ||    11
         Potion            |     2 |     2 ||     4
 Armour: Robe              |     9 |     9 ||    18
  Dodge: Dodged            |    32 |    17 ||    49
